 Dungeon Crawl Stone Soup version 0.29-a0-553-g81b289dbe5 (webtiles) character file.

Game seed: 869036229658547805

3511 KristoblXynda the Cleaver (level 9, -1/81 HPs)
             Began as a Minotaur Gladiator on June 6, 2022.
             Slain by a troll (13 damage)
             ... on level 7 of the Dungeon.
             The game lasted 00:06:46 (7954 turns).

KristoblXynda the Cleaver (Minotaur Gladiator)      Turns: 7954, Time: 00:06:46

Health: -1/81      AC: 15    Str: 19    XL:     9   Next: 81%
Magic:  8/8        EV: 10    Int:  7    God:
Gold:   343        SH:  0    Dex: 14    Spells: 8/8 levels left

rFire   . . .      SeeInvis .   a - +0 war axe
rCold   . . .      Faith    .   (no shield)
rNeg    . . .      Spirit   .   u - +0 chain mail
rPois   .          Reflect  .   c - +0 hat
rElec   .          Harm     .   k - +2 cloak
rCorr   +          Rampage  .   D - +0 pair of gloves
Will    .....                   (no boots)
Stlth   ..........              (no amulet)
HPRegen 0.23/turn               o - ring of resist corrosion
MPRegen 0.11/turn               (no ring)

@: no status effects
A: horns 2, retaliatory headbutt
a: no special abilities


You were on level 7 of the Dungeon.
You visited 2 branches of the dungeon, and saw 8 of its levels.

You collected 367 gold pieces.
You spent 24 gold pieces at shops.

Inventory:

Hand Weapons
 a - a +0 war axe (weapon)
 w - a +2 whip of flaming
Missiles
 d - 2 throwing nets (quivered)
 e - a javelin
Armour
 c - a +0 hat (worn)
 k - a +2 cloak (worn)
 u - a +0 chain mail (worn)
 D - a +0 pair of gloves (worn)
Jewellery
 o - a ring of resist corrosion (left hand)
 r - a ring of flight
Wands
 f - a wand of mindburst (9)
 C - a wand of iceblast (11)
Scrolls
 b - 2 scrolls of vulnerability {unknown}
 h - 3 scrolls of amnesia
 l - 3 scrolls of enchant armour
 m - a scroll of immolation {unknown}
 q - 2 scrolls of enchant weapon {unknown}
 t - a scroll of fear {unknown}
 v - a scroll of torment {unknown}
 y - 2 scrolls of blinking {unknown}
 z - a scroll of silence {unknown}
 B - a scroll of identify
Potions
 g - a potion of invisibility {unknown}
 i - a potion of heal wounds
 j - a potion of attraction {unknown}
 n - a potion of brilliance
 p - a potion of flight {unknown}
 s - 2 potions of curing
 x - a potion of ambrosia {unknown}
 A - a potion of lignification


   Skills:
 + Level 7.9 Fighting
 + Level 8.4 Axes
 + Level 6.5 Throwing
 + Level 7.3 Armour
 + Level 7.7 Dodging


You had 8 spell levels left.
You didn't know any spells.
Your spell library contained the following spells:

 Spells                   Type           Power      Damage    Failure   Level
 Gell's Gravitas          Tloc           0%         N/A       100%        3
 Lesser Beckoning         Tloc           0%         N/A       100%        3
 Teleport Other           Tloc           0%         N/A       100%        3
 Dispersal                Tloc           0%         N/A       100%        6


Dungeon Overview and Level Annotations

Branches:
Dungeon (7/15)             Temple (1/1) D:6

Altars:
Ashenzari
Cheibriados
Dithmenos
Fedhas
Hepliaklqana
Kikubaaqudgha
Makhleb
Nemelex Xobeh
Ru
Trog
Vehumet
Yredelemnul
Zin

Shops:
D:3 ?


Innate Abilities, Weirdness & Mutations

You have a pair of horns on your head.
You reflexively headbutt those who attack you in melee.


Message History

The troll is lightly wounded.
The troll bites you but does no damage. The troll claws you but does no damage.
The troll claws you.
You hit the troll but do no damage. You headbutt the troll!
The troll is moderately wounded.
The troll bites you. The troll claws you! The troll closely misses you.
You are too injured to fight recklessly!
You are too injured to fight recklessly!
You are too injured to fight recklessly!
You are too injured to fight recklessly!
You are too injured to fight recklessly!
You are too injured to fight recklessly!
You are too injured to fight recklessly!
You are too injured to fight recklessly!
You are too injured to fight recklessly!
You are too injured to fight recklessly!
You are too injured to fight recklessly!
You are too injured to fight recklessly!
You are too injured to fight recklessly!
You are too injured to fight recklessly!
You are too injured to fight recklessly!
You hit the troll.
The troll is moderately wounded.
The troll closely misses you.
The troll claws you but does no damage. x2
You hit the troll but do no damage. You headbutt the troll.
The troll is moderately wounded.
The troll closely misses you. The troll barely misses you. x2
You closely miss the troll.
The troll is moderately wounded.
The troll barely misses you.
The troll claws you but does no damage. x2
You closely miss the troll.
The troll is moderately wounded.
The troll bites you!
* * * LOW HITPOINT WARNING * * *
The troll claws you but does no damage. The troll claws you!
* * * LOW HITPOINT WARNING * * *
You closely miss the troll. You headbutt the troll.
The troll is heavily wounded.
The troll bites you!
You die...

#.#.....###....)).#
#.#.##### #####..##
#.#.# ####.[.#
#.#.# #...รท#.#
#.#.# ####.#......#
#####.#.#
#....#.##+#.#
........#
#.##........#
#####.### #
#T#....... #.#
#@#......#. #.#
#.#...... .# #.#
#.#...... #.# #.#
#+#. #.# #.# #.#
#.# #.. ###


You could see a troll.

Vanquished Creatures
  Pikel (D:5)
  Maggie (D:6)
  A troll (D:7)
  Sigmund (D:5)
  Duvessa (D:6)
  2 water moccasins (D:5)
  2 orc warriors
  A black bear (D:5)
  4 phantoms
  A kobold brigand (D:3)
  Blork the orc (D:6)
  3 bullfrogs
  5 scorpions
  Dowan (D:6)
  2 howler monkeys
  4 hounds
  A jelly (D:5)
  Crazy Yiuf (D:5)
  3 orc priests (D:5)
  3 orc wizards
  5 iguanas
  8 gnolls
  10 adders
  A white imp (D:6)
  2 ufetubi
  A worm (D:3)
  3 dart slugs
  24 orcs
  9 ball pythons
  6 endoplasms
  6 giant cockroaches
  5 goblins
  8 hobgoblins
  2 quokkas
  3 bats
  6 frilled lizards
  7 kobolds
  4 rats
149 creatures vanquished.

Notes
Turn   | Place    | Note
-------+----------+-------------------------------------------
     0 | D:1      | KristoblXynda the Minotaur Gladiator began the quest for
                  | the Orb.
     0 | D:1      | Reached XP level 1. HP: 18/18 MP: 0/0
   193 | D:1      | Reached XP level 2. HP: 23/25 MP: 1/1
   367 | D:1      | Reached skill level 1 in Armour
   680 | D:1      | Reached skill level 4 in Axes
   680 | D:1      | Reached XP level 3. HP: 30/30 MP: 2/2
  1083 | D:2      | Found a faded altar of an unknown god.
  2007 | D:3      | Reached XP level 4. HP: 27/38 MP: 3/3
  2099 | D:3      | Found a broken altar of Ashenzari.
  2460 | D:3      | Found a blossoming altar of Fedhas.
  2645 | D:3      | Found Yfaoff's Magic Scroll Shop.
  2654 | D:3      | Bought a scroll of identify for 24 gold pieces
  2748 | D:3      | Noticed a kobold brigand
  2798 | D:3      | Killed a kobold brigand
  2799 | D:3      | Reached XP level 5. HP: 24/45 MP: 4/4
  2943 | D:3      | Found a hazy altar of Hepliaklqana.
  2945 | D:3      | Found a faded altar of an unknown god.
  3122 | D:4      | Identified the +1 chain mail of the Lute {Int+4}
  3156 | D:4      | Noticed a phantom
  3169 | D:4      | Killed a phantom
  3170 | D:4      | Reached skill level 5 in Axes
  3170 | D:4      | Reached XP level 6. HP: 19/52 MP: 5/5
  4044 | D:5      | Entered Level 5 of the Dungeon
  4044 | D:5      | Noticed a water moccasin
  4060 | D:5      | Killed a water moccasin
  4063 | D:5      | Found a sacrificial altar of Ru.
  4090 | D:5      | Noticed Pikel
  4093 | D:5      | Reached XP level 7. HP: 44/60 MP: 6/6
  4106 | D:5      | HP: 3/60 [Pikel/+2 whip of flaming (1)]
  4118 | D:5      | Killed Pikel
  4119 | D:5      | Reached skill level 5 in Fighting
  4119 | D:5      | Reached skill level 6 in Axes
  4119 | D:5      | Reached skill level 5 in Dodging
  4427 | D:5      | Noticed Sigmund
  4449 | D:5      | Killed Sigmund
  4450 | D:5      | Reached XP level 8. HP: 55/70 MP: 7/7
  4533 | D:5      | Reached skill level 5 in Armour
  4824 | D:5      | Reached skill level 5 in Throwing
  5079 | D:5      | Reached skill level 7 in Axes
  5428 | D:5      | Found a runed translucent door.
  5429 | D:5      | Noticed Crazy Yiuf
  5689 | D:5      | Reached XP level 9. HP: 74/78 MP: 8/8
  5919 | D:5      | Killed Crazy Yiuf
  6057 | D:6      | Noticed Duvessa
  6057 | D:6      | Noticed Dowan
  6065 | D:6      | Killed Dowan
  6071 | D:6      | Killed Duvessa
  6315 | D:6      | Found a staircase to the Ecumenical Temple.
  6325 | Temple   | Entered the Ecumenical Temple
  6537 | D:6      | Noticed Blork the orc
  6544 | D:6      | Killed Blork the orc
  7022 | D:6      | Noticed Maggie
  7046 | D:6      | Killed Maggie
  7047 | D:6      | Reached skill level 8 in Axes
  7596 | D:7      | Noticed a troll
  7606 | D:7      | Killed a troll
  7684 | D:7      | Noticed a troll
  7954 | D:7      | Slain by a troll

Illustrated notes

Levels and vault maps discovered:
D:1:      saegor_arrival_simple_e, layout_loops_ring, grunt_decor_arrowhead,
          lemuel_old_faithful
D:2:      layout_loops_corners, hellmonk_ecumenical_altar_run_dry
D:3:      layout_basic, lemuel_crystal_altar, nicolae_ashenzari_panopticon,
          beargit_hepliaklqana_dungeon_heroes, serial_shops,
          nicolae_shop_crystal, moated_statue
D:4:      layout_cave_pools
D:5:      layout_gridville, mainiacjoe_overflow_cross_hatched,
          guppyfry_early_orc_mine, uniq_sigmund, uniq_crazy_yiuf_cottage,
          uniq_pikel
D:6:      layout_basic, minmay_temple_entry_statues_pillars,
          kennysheep_generic_room_13, uniq_duvessa, uniq_blork_the_orc,
          uniq_maggie
D:7:      layout_basic, hangedman_decor_growths, hangedman_minor_gate_pass
Temple:   nicolae_temple_figure_zero

Skill      XL: |  1  2  3  4  5  6  7  8  9 |
---------------+----------------------------+-----
Armour         | 1 2 3 4 6 7 |  7.3
Axes           | 4 5 6 7 8 |  8.4
Fighting       | 3 4 5 6 7 |  7.9
Dodging        | 4 5 6 7 |  7.7
Throwing       | 3 4 5 6 |  6.5

Action                   |  1- 3 |  4- 6 |  7- 9 || total
-------------------------+-------+-------+-------++-------
Melee: War axe           |    92 |   109 |   273 ||   474
       Headbutt          |    11 |    14 |    57 ||    82
       Punch             |     1 |       |     1 ||     2
Throw: Throwing net      |       |     2 |       ||     2
  Use: Scroll            |       |     3 |     3 ||     6
       Potion            |       |     3 |     2 ||     5
 Stab: Sleeping          |     2 |       |       ||     2
Armor: Leather armour    |    33 |     6 |       ||    39
       Scale mail        |       |    36 |       ||    36
       Chain mail        |       |    13 |   132 ||   145
Dodge: Dodged            |    61 |    72 |   145 ||   278

Table legend: (Time is in decaauts)
 A = Elapsed time spent in this place.
 B = Non-inter-level travel time spent in this place.
 C = Inter-level travel time spent in this place.
 D = Time resting spent in this place.
 E = Time spent auto-exploring this place.
 F = Levels seen in this place.
 G = Mean time per level.
                   A        B        C        D        E       F      G
               +--------+--------+--------+--------+--------+-----+--------+
         Total |   8047 |   7849 |    198 |   2244 |   4405 |   8 | 1005.9 |
       Dungeon |   7906 |   7717 |    189 |   2244 |   4278 |   7 | 1129.4 |
        Temple |    140 |    131 |      9 |      0 |    127 |   1 |  140.0 |
               +--------+--------+--------+--------+--------+-----+--------+

Top non-repeatable levels by time:
     D:5: 2007 daAuts
     D:6: 1601 daAuts
     D:1: 1062 daAuts
     D:3: 1058 daAuts
     D:4: 1027 daAuts
     D:2: 948 daAuts
     D:7: 201 daAuts
  Temple: 140 daAuts
